 Dungeon Crawl Stone Soup version 0.30-a0-568-g124715a40b (webtiles) character file.

Game seed: 12542227784195940886

6207 OTABOTABOTAB the Thaumaturge (level 10, -5/52 HPs)
             Began as a Deep Elf Earth Elementalist on Dec 28, 2022.
             Was a Believer of Vehumet.
             Slain by Harold
             ... wielding a +2 long sword of electrocution
              (19 damage)
             ... on level 9 of the Dungeon.
             The game lasted 00:20:08 (9766 turns).

OTABOTABOTAB the Thaumaturge (DEEE)                 Turns: 9766, Time: 00:20:09

Health: -5/52      AC:  8    Str:  5    XL:     10   Next: 61%
Magic:  2/28       EV: 13    Int: 25    God:    Vehumet [**....]
Gold:   303        SH:  0    Dex: 15    Spells: 23/34 levels left

rFire   . . .      SeeInvis .    a - +0 quarterstaff
rCold   . . .      Faith    .    (shield currently unavailable)
rNeg    + . .      Spirit   .    g - +0 robe
rPois   .          Reflect  .    p - +0 helmet
rElec   .          Harm     .    (no cloak)
rCorr   .          Rampage  .    b - +2 pair of gloves
Will    +....                    d - +1 pair of boots
Stlth   ++                       l - amulet of regeneration
HPRegen 1.08/turn                i - ring of positive energy {rN+}
MPRegen 0.21/turn                (no ring)

@: no status effects
A: no striking features
a: Renounce Religion


You were on level 9 of the Dungeon.
You worshipped Vehumet.
Vehumet was pleased with you.
You visited 2 branches of the dungeon, and saw 10 of its levels.

You collected 443 gold pieces.
You spent 140 gold pieces at shops.

Inventory:

Hand Weapons
 a - a +0 quarterstaff (weapon)
   (You found it on level 4 of the Dungeon)
Missiles
 f - a curare-tipped dart
 m - 30 poisoned darts
 s - 16 stones (quivered)
 Q - 6 boomerangs
Armour
 b - a +2 pair of gloves (worn)
   (You found it on level 4 of the Dungeon)
 d - a +1 pair of boots (worn)
   (You found it on level 4 of the Dungeon)
 g - a +0 robe (worn)
 p - a +0 helmet (worn)
   (You found it on level 7 of the Dungeon)
Jewellery
 i - a ring of positive energy (left hand) {rN+}
   (You found it on level 1 of the Dungeon)
 l - an amulet of regeneration (around neck)
   (You found it on level 1 of the Dungeon)
 C - a ring of flight {+Fly, !d}
   (You found it on level 3 of the Dungeon)
Wands
 e - a wand of charming (16)
   (You found it on level 3 of the Dungeon)
 h - a wand of roots (11)
   (You found it on level 5 of the Dungeon)
Scrolls
 j - 2 scrolls of poison {unknown}
 k - 2 scrolls of amnesia
 o - a scroll of brand weapon {unknown}
 q - a scroll of enchant weapon {unknown}
 D - 4 scrolls of blinking {!r}
 K - a scroll of fog
 V - 2 scrolls of vulnerability {!r!r}
 Y - 5 scrolls of teleportation {@r3}
Potions
 c - 3 potions of degeneration {!q}
 H - 2 potions of haste
 I - a potion of invisibility
 J - 4 potions of curing {@q1}
 L - 2 potions of flight
 M - 3 potions of might
 N - 2 potions of heal wounds {@q2}
 R - 2 potions of resistance
 S - 2 potions of attraction {!q}
 U - a potion of mutation {!q}


   Skills:
 + Level 1.6 Fighting
 + Level 3.6 Dodging
 - Level 2.4 Stealth
 + Level 12.9 Spellcasting
 + Level 9.9 Conjurations
 - Level 1.1 Transmutations
 - Level 10.0 Earth Magic


You had 23 spell levels left.
You knew the following spells:

 Your Spells              Type           Power      Damage    Failure   Level
a - Sandblast             Erth           100%       2d20      1%          1
b - Hailstorm             Conj/Ice       40%        3d10      1%          3
c - Petrify               Tmut/Erth      43%        N/A       3%          4
x - Stone Arrow           Conj/Erth      100%       3d13      1%          3

Your spell library contained the following spells:

 Spells                   Type           Power      Damage    Failure   Level
 Kindle Blastsparks       Fire/Tloc/Air  32%        2d12      11%         3
 Passwall                 Tmut/Erth      35%        N/A       1%          2
 Necrotise                Necr           64%        1d7       3%          1
 Sting                    Tmut/Pois      72%        1d6       3%          1
 Summon Small Mammal      Summ           64%        N/A       3%          1
 Flame Wave               Conj/Fire      40%        2d11      4%          4
 Ensorcelled Hibernation  Hex/Ice        32%        N/A       5%          2
 Poisonous Vapours        Pois/Air       32%        N/A       5%          2
 Spider Form              Tmut/Pois      18%        N/A       9%          3
 Call Canine Familiar     Summ           16%        N/A       11%         3
 Summon Guardian Golem    Hex/Summ       16%        N/A       11%         3
 Vampiric Draining        Necr           16%        2d7       11%         3
 Ice Form                 Ice/Tmut       18%        N/A       28%         4
 Anguish                  Hex/Necr       8%         N/A       36%         4
 Olgreb's Toxic Radiance  Pois           16%        N/A       36%         4
 Yara's Violent Unravell  Hex/Tmut       9%         3d6       63%         5
 Agony                    Necr           16%        N/A       71%         5
 Simulacrum               Ice/Necr       8%         N/A       99%         6
 Enfeeble                 Hex            8%         N/A       100%        7
 Ignition                 Fire           8%         3d5       100%        8


Dungeon Overview and Level Annotations

Branches:
Dungeon (9/15)             Temple (1/1) D:6
   Lair: D:8-11         Orc: D:9-12

Altars:
Ashenzari
Cheibriados
Dithmenos
Elyvilon
Fedhas
Gozag
Hepliaklqana
Kikubaaqudgha
Makhleb
Nemelex Xobeh
Okawaru
Qazlal
Ru
Sif Muna
Uskayaw
Vehumet
Wu Jian
Xom
Yredelemnul
Zin
The Shining One

Shops:
D:3 *   D:6 !

Annotations:
D:9 Harold


Message History

The stone arrow hits Harold.
You now have 9/28 mp.
Aim: Harold, wielding a +2 long sword of electrocution, wearing a +0 chain mail and quivering 2 throwing nets (lightly wounded, petrified, 100% to hit)
The stone arrow hits Harold!
You regained 2 hp, and now have 46/52 hp.
You now have 6/28 mp.
Aim: Harold, wielding a +2 long sword of electrocution, wearing a +0 chain mail and quivering 2 throwing nets (lightly wounded, petrified, 100% to hit)
The stone arrow hits Harold!!
You now have 3/28 mp.
Aim: Harold, wielding a +2 long sword of electrocution, wearing a +0 chain mail and quivering 2 throwing nets (moderately wounded, petrified, 100% to hit)
The stone arrow hits Harold!
You now have 1/28 mp.
You don't have enough magic to cast this spell.
Okay, then.
Health restored: 52 Harold throws a throwing net.
The throwing net hits you.
You become entangled in the net!
You see here a throwing net {!d}.
You tear a large gash into the net.
You shred the net and break free!
Harold throws a throwing net.
The throwing net closely misses you.
Harold points at you and mumbles some strange words.
A sentinel's mark forms upon you.
A kobold comes into view. It is wielding a +0 dagger.
Harold points at you and mumbles some strange words.
You barely resist.
There is a stone staircase leading up here.
You climb upwards.
There is a stone staircase leading down here.
You start resting.
The sentinel's mark upon you fades away.
You regained 2 mp, and now have 13/28 mp.
You start resting.
MP restored: 28 You climb downwards.
Level annotation: Harold
There is a stone staircase leading up here.
You can't see any susceptible monsters within range! (Use Z to cast anyway.) Unknown command.
Aim: Harold, wielding a +2 long sword of electrocution and wearing a +0 chain mail (chance to affect: 32%) Harold easily resists.
You now have 24/28 mp.
Aim: Harold, wielding a +2 long sword of electrocution and wearing a +0 chain mail (chance to affect: 32%) Harold easily resists.
You now have 20/28 mp.
Aim: Harold, wielding a +2 long sword of electrocution and wearing a +0 chain mail (chance to affect: 32%) Harold easily resists.
You now have 16/28 mp.
Aim: Harold, wielding a +2 long sword of electrocution and wearing a +0 chain mail (chance to affect: 32%) Harold is moving more slowly.
You now have 12/28 mp.
The kobold throws a stone.
The stone closely misses you.
The kobold throws a stone.
The stone barely misses you.
Harold stops moving altogether!
The kobold throws a stone.
The stone misses you.
Okay, then.
Aim: Harold, wielding a +2 long sword of electrocution and wearing a +0 chain mail (petrified, 100% to hit)
The blast of sand hits Harold!
Aim: Harold, wielding a +2 long sword of electrocution and wearing a +0 chain mail (lightly wounded, petrified, 100% to hit)
The blast of sand hits Harold but does no damage.
The kobold throws a stone.
The stone closely misses you.
You now have 12/28 mp.
Aim: Harold, wielding a +2 long sword of electrocution and wearing a +0 chain mail (lightly wounded, petrified, 100% to hit)
The blast of sand hits Harold.
The kobold throws a stone.
The stone barely misses you.
You now have 11/28 mp.
Aim: Harold, wielding a +2 long sword of electrocution and wearing a +0 chain mail (lightly wounded, petrified, 100% to hit)
The blast of sand hits Harold but does no damage.
You now have 10/28 mp.
A cannonade of hail descends around you!
The hail misses the kobold.
The hail pelts Harold but does no damage.
A cannonade of hail descends around you!
The hail pelts Harold!
The kobold misses you.
You now have 5/28 mp.
A cannonade of hail descends around you!
The hail pelts Harold!
The kobold barely misses you.
You now have 2/28 mp.
Aim: a kobold, wielding a +0 dagger and quivering stones (82% to hit)
The blast of sand hits the kobold!!
You kill the kobold!
Vehumet accepts your kill.
You now have 1/28 mp.
Harold is no longer petrified.
Harold hits you with a +2 long sword of electrocution!
You take 13 damage, and have 39/52 hp.
MASSIVE DAMAGE!!
Harold attacks as you move away!
Harold hits you with a +2 long sword of electrocution!!
You take 16 damage, and have 24/52 hp.
MASSIVE DAMAGE!!
Okay, then.
Harold attacks as you move away!
Harold hits you with a +2 long sword of electrocution!
* * * LOW HITPOINT WARNING * * *
Harold thinks, and says "Perhaps I'll take up hiking after I'm done here..."
You take 10 damage, and have 14/52 hp.
Harold attacks as you move away!
Harold hits you with a +2 long sword of electrocution!!
You die...

####################
#.......<..).......#
#..................#
#######........>.........#
................@.........
................@.........
..........................
..........................
........########..........
#####...# #..........
#...# #.......... #...#
###.####### #@..# #.#
#...# #.# #


You could see Harold.

Vanquished Creatures
  A two-headed ogre (D:8)
  A hornet (D:7)
  10 yaks
  A steam dragon (D:8)
  4 orc warriors
  An ice beast (D:8)
  3 sky beasts
  2 black bears
  3 ogres
  A centaur (D:7)
  3 kobold brigands
  A phantom (D:6)
  A necrophage (D:6)
  A gnoll sergeant (D:8)
  2 scorpions (D:6)
  15 wights
  6 killer bees (D:9)
  4 jellies
  2 gnoll boudas
  5 orc priests
  4 hounds
  4 orc wizards
  Natasha (thrice) (D:2)
  5 iguanas
  10 gnolls
  6 adders
  2 shadow imps
  2 worms
  4 dart slugs
  24 orcs
  9 ball pythons
  A bat (D:2)
  13 endoplasms
  3 giant cockroaches
  7 goblins
  7 hobgoblins
  6 jackals
  34 kobolds
  2 quokkas
  3 frilled lizards
  4 rats
220 creatures vanquished.

Vanquished Creatures (others)
  10 toadstools (D:3)
10 creatures vanquished.

Grand Total: 230 creatures vanquished

Notes
Turn   | Place    | Note
-------+----------+-------------------------------------------
     0 | D:1      | OTABOTABOTAB the Deep Elf Earth Elementalist began the
                  | quest for the Orb.
     0 | D:1      | Reached XP level 1. HP: 10/10 MP: 6/6
   208 | D:1      | Reached XP level 2. HP: 15/15 MP: 4/8
   671 | D:1      | Reached skill level 4 in Spellcasting
   877 | D:2      | Reached skill level 4 in Earth Magic
   936 | D:2      | Reached XP level 3. HP: 19/19 MP: 10/10
  1419 | D:2      | Noticed Natasha
  1421 | D:2      | Killed Natasha
  1422 | D:2      | Reached XP level 4. HP: 24/24 MP: 8/12
  1615 | D:2      | Noticed Natasha
  1618 | D:2      | Killed Natasha
  1619 | D:2      | Reached skill level 5 in Spellcasting
  1660 | D:2      | Noticed Natasha
  1665 | D:2      | Killed Natasha
  1666 | D:2      | Reached skill level 5 in Earth Magic
  1666 | D:2      | Reached XP level 5. HP: 28/28 MP: 11/14
  2091 | D:3      | Learned a level 3 spell: Stone Arrow
  2182 | D:3      | Reached skill level 1 in Conjurations
  2184 | D:3      | Reached skill level 6 in Spellcasting
  2330 | D:3      | Found Tuamev's General Store.
  2455 | D:3      | Reached XP level 6. HP: 32/32 MP: 15/17
  2485 | D:3      | Found a faded altar of an unknown god.
  3207 | D:4      | Reached skill level 2 in Conjurations
  3640 | D:4      | Reached skill level 6 in Earth Magic
  3880 | D:5      | Entered Level 5 of the Dungeon
  3938 | D:5      | Reached skill level 3 in Conjurations
  3938 | D:5      | Reached XP level 7. HP: 36/36 MP: 12/19
  4003 | D:5      | Reached skill level 7 in Spellcasting
  4563 | D:6      | Found Oroad Bupes's Distillery.
  4674 | D:6      | Bought a potion of curing for 30 gold pieces
  4674 | D:6      | Bought 2 potions of curing for 60 gold pieces
  4674 | D:6      | Bought a potion of heal wounds for 50 gold pieces
  4681 | D:6      | Reached skill level 4 in Conjurations
  4718 | D:6      | Found a staircase to the Ecumenical Temple.
  4726 | D:6      | Reached skill level 7 in Earth Magic
  4840 | Temple   | Entered the Ecumenical Temple
  5210 | Temple   | Became a worshipper of Vehumet
  5314 | D:6      | Reached skill level 8 in Spellcasting
  5319 | D:6      | Reached XP level 8. HP: 36/41 MP: 6/22
  5430 | D:6      | Reached skill level 5 in Conjurations
  6106 | D:7      | HP: 7/41 [centaur/arrow (9)]
  6159 | D:7      | Noticed a hornet
  6162 | D:7      | Reached skill level 9 in Spellcasting
  6164 | D:7      | Killed a hornet
  6165 | D:7      | Reached skill level 6 in Conjurations
  6165 | D:7      | Reached skill level 8 in Earth Magic
  6350 | D:7      | Reached XP level 9. HP: 45/45 MP: 4/24
  6497 | D:7      | Reached skill level 10 in Spellcasting
  6644 | D:7      | Got Gikh's Folio of the Blaze
  6660 | D:7      | Reached * piety under Vehumet
  6660 | D:7      | Offered knowledge of Shock by Vehumet.
  6687 | D:7      | Reached skill level 7 in Conjurations
  6824 | D:7      | Reached skill level 9 in Earth Magic
  7162 | D:7      | Reached skill level 11 in Spellcasting
  7511 | D:8      | Noticed a two-headed ogre
  7518 | D:8      | Killed a two-headed ogre
  7519 | D:8      | Reached skill level 8 in Conjurations
  7519 | D:8      | Reached skill level 10 in Earth Magic
  7593 | D:8      | Learned a level 3 spell: Hailstorm
  7606 | D:8      | Found a basalt altar of Yredelemnul.
  7622 | D:8      | Reached XP level 10. HP: 50/50 MP: 17/27
  8186 | D:8      | Reached skill level 12 in Spellcasting
  8234 | D:8      | Reached skill level 9 in Conjurations
  8549 | D:8      | Learned a level 4 spell: Petrify
  8551 | D:8      | Reached ** piety under Vehumet
  8551 | D:8      | Offered knowledge of Momentum Strike by Vehumet.
  9014 | D:8      | Reached skill level 1 in Fighting
  9014 | D:8      | Reached skill level 3 in Dodging
  9548 | D:9      | Offered knowledge of Kindle Blastsparks by Vehumet.
  9595 | D:9      | Noticed Harold
  9765 | D:9      | HP: 13/52 [Harold/+2 long sword of electrocution (11)]
  9766 | D:9      | Slain by Harold

Illustrated notes

Levels and vault maps discovered:
D:1:      psy_arrival_fountain, layout_basic
D:2:      layout_basic, uniq_natasha
D:3:      cheibrodos_fertilizer, layout_rooms,
          hellmonk_ecumenical_altar_blasted, serial_shops,
          nicolae_shop_hallway_stairs
D:4:      layout_loops_ring
D:5:      layout_cave_pools, serial_column_ruins, column_ruins_open_medium,
          column_ruins_grid_2, column_ruins_open_tiny, column_ruins_open_tiny,
          column_ruins_columns_corner
D:6:      layout_cave_pools, minmay_temple_entry_mist, serial_shops, shop
D:7:      layout_rooms, minivault_23
D:8:      layout_cave_pods, mainiacjoe_overflow_boulevard
D:9:      layout_irregular_city, uniq_harold
Temple:   mainiacjoe_temple_cubbyholes

Skill      XL: |  1  2  3  4  5  6  7  8  9 10 |
---------------+-------------------------------+-----
Spellcasting   | 4 5 6 8 9 11 12 | 12.9
Earth Magic    | 4 5 6 7 8 10 | 10.0
Conjurations   | 1 3 4 6 8 9 |  9.9
Fighting       | 1 |  1.6
Dodging        | 3 |  3.6
Stealth        | |  2.4
Transmutations | |  1.1

Action                   |  1- 3 |  4- 6 |  7- 9 | 10-12 || total
-------------------------+-------+-------+-------+-------++-------
Throw: Stone             |    14 |    31 |    22 |    23 ||    90
 Cast: Sandblast         |    48 |    86 |     5 |    41 ||   180
       Stone Arrow       |       |    10 |   110 |    63 ||   183
       Petrify           |       |       |       |    11 ||    11
       Hailstorm         |       |       |       |     7 ||     7
  Use: Scroll            |       |    10 |     2 |     2 ||    14
       Potion            |       |       |       |     2 ||     2
Armor: Robe              |     6 |     1 |     7 |    14 ||    28
Dodge: Dodged            |    16 |     9 |    10 |    55 ||    90

Table legend: (Time is in decaauts)
 A = Elapsed time spent in this place.
 B = Non-inter-level travel time spent in this place.
 C = Inter-level travel time spent in this place.
 D = Time resting spent in this place.
 E = Time spent auto-exploring this place.
 F = Levels seen in this place.
 G = Mean time per level.
                   A        B        C        D        E       F      G
               +--------+--------+--------+--------+--------+-----+--------+
         Total |   9874 |   9464 |    410 |    854 |   7336 |  10 |  987.4 |
       Dungeon |   9472 |   9172 |    300 |    854 |   7047 |   9 | 1052.4 |
        Temple |    401 |    291 |    110 |      0 |    289 |   1 |  401.0 |
               +--------+--------+--------+--------+--------+-----+--------+

Top non-repeatable levels by time:
     D:6: 1778 daAuts
     D:8: 1742 daAuts
     D:2: 1090 daAuts
     D:4: 1079 daAuts
     D:1: 889 daAuts
     D:3: 889 daAuts
     D:7: 785 daAuts
     D:5: 670 daAuts
     D:9: 546 daAuts
  Temple: 401 daAuts

Table legend:
 A = Kills in this place as a percentage of kills in entire the game.
 B = Kills by you in this place as a percentage of kills by you in the entire game.
 C = Kills by friends in this place as a percentage of kills by friends in the entire game.
 D = Other kills in this place as a percentage of other kills in the entire game.
 E = Experience gained in this place as a percentage of experience gained in the entire game.
 F = Experience gained in this place divided by the number of levels of this place that you have seen.
                   A       B       C       D       E      F
               +-------+-------+-------+-------+-------+----------------------
         Total | 100.0 | 100.0 |   N/A |   N/A | 100.0 | 886.8
       Dungeon | 100.0 | 100.0 |   N/A |   N/A | 100.0 | 985.3
               +-------+-------+-------+-------+-------+----------------------
